TOP OF THE 1ST |
---|
Orlando Calrissian batting - Pitching for Springfield Stars : RHP Hyo-chin Ch'oe | Pitching: RHP Hyo-chin Ch'oe | | Batting: LHB Craig Kenney | 0-0: Ball 1-0: Swinging Strike 1-1: SINGLE (Line Drive, 7S) | Batting: RHB Frederico Hernández | 0-0: Ball 1-0: Called Strike 1-1: Fly out, F5 (Popup, 56S) | Batting: LHB Danny Allen | 0-0: Ball 1-0: 2-RUN HOME RUN (Flyball, 9LD), Distance : 331 ft | Batting: RHB Júlio Negrón | 0-0: Ball 1-0: Called Strike 1-1: Called Strike 1-2: Ground out 5-3 (Groundball, 5L) | Batting: RHB Raúl Canó | 0-0: Ball 1-0: Called Strike 1-1: SOLO HOME RUN (Flyball, 9LD), Distance : 348 ft | Batting: RHB Sean White | 0-0: Swinging Strike 0-1: Ball 1-1: Foul Ball, location: 2F 1-2: Ground out 5-3 (Groundball, 56) | Top of the 1st over - 3 runs, 3 hits, 0 errors, 0 left on base; Orlando 3 - Springfield 0 | BOTTOM OF THE 1ST |
---|
Springfield Stars batting - Pitching for Orlando Calrissian : RHP Jorge Jiménez | Pitching: RHP Jorge Jiménez | | Batting: RHB Norberto Taváres | 0-0: Ball 1-0: Ball 2-0: Ball 3-0: Called Strike 3-1: Bunt for hit - play at first, batter safe! | Batting: LHB Jesús Tobías | 0-0: Ball Norberto Taváres steals 2nd base 1-0: Called Strike 1-1: Foul Ball, location: 2F 1-2: Ball 2-2: Foul Ball, location: 2F 2-2: Foul Ball, location: 2F 2-2: Ball 3-2: Fly out, F3 (Line Drive, 3) | Batting: LHB Derek Davidson | 0-0: Ball 1-0: Ball 2-0: 2-RUN HOME RUN (Flyball, 89XD), Distance : 413 ft | Batting: LHB Felipe Guerrero | 0-0: Foul Ball, location: 2F 0-1: Foul Ball, location: 2F 0-2: Strikes out swinging | Batting: LHB Elliott Newell | 0-0: Ball 1-0: Ground out 6-3 (Groundball, 6) | Bottom of the 1st over - 2 runs, 2 hits, 0 errors, 0 left on base; Orlando 3 - Springfield 2 | TOP OF THE 2ND |
---|
Orlando Calrissian batting - Pitching for Springfield Stars : RHP Hyo-chin Ch'oe | Batting: RHB Jesús Gonzáles | 0-0: Ball 1-0: Ball 2-0: Foul Ball, location: 2F 2-1: Reached via error on a dropped throw, E1 | Batting: RHB Robby Lewis | 0-0: Ball 1-0: SINGLE (Groundball, 6MD) Jesús Gonzáles to second Runner from 2nd tries for 3rd, OUT! | Batting: RHB Chet Decker | 0-0: Called Strike 0-1: Called Strike 0-2: Ball 1-2: Strikes out swinging | Batting: LHB Craig Kenney | 0-0: Called Strike 0-1: Ball 1-1: Called Strike 1-2: Strikes out swinging | Top of the 2nd over - 0 runs, 1 hit, 1 error, 1 left on base; Orlando 3 - Springfield 2 | BOTTOM OF THE 2ND |
---|
Springfield Stars batting - Pitching for Orlando Calrissian : RHP Jorge Jiménez | Batting: SHB António De La Cruz | 0-0: Ball 1-0: Ball 2-0: Called Strike 2-1: Foul Ball, location: 2F 2-2: Foul Ball, location: 2F 2-2: Foul Ball, location: 2F 2-2: SOLO HOME RUN (Flyball, 7D), Distance : 378 ft | Batting: RHB Calvin Bennett | 0-0: Ball 1-0: Ground out 4-3 (Groundball, 34D) | Batting: RHB Juan Carlos Rodríguez | 0-0: Ground out 6-3 (Groundball, 6S) | Batting: RHB Gabriel Erwin | 0-0: Called Strike 0-1: Fly out, F9 (Flyball, 9S) | Bottom of the 2nd over - 1 run, 1 hit, 0 errors, 0 left on base; Orlando 3 - Springfield 3 | TOP OF THE 3RD |
---|
Orlando Calrissian batting - Pitching for Springfield Stars : RHP Hyo-chin Ch'oe | Batting: RHB Frederico Hernández | 0-0: Ball 1-0: Ball 2-0: Ball 3-0: Fly out, F7 (Flyball, 7) | Batting: LHB Danny Allen | 0-0: Ball 1-0: Swinging Strike 1-1: Foul Ball, location: 2F 1-2: Ball 2-2: Foul Ball, location: 2F 2-2: Ball 3-2: Ground out 5-3 (Groundball, 6S) | Batting: RHB Júlio Negrón | 0-0: Swinging Strike 0-1: Called Strike 0-2: Ball 1-2: Strikes out swinging | Top of the 3rd over - 0 runs, 0 hits, 0 errors, 0 left on base; Orlando 3 - Springfield 3 | BOTTOM OF THE 3RD |
---|
Springfield Stars batting - Pitching for Orlando Calrissian : RHP Jorge Jiménez | Batting: RHB Norberto Taváres | 0-0: Foul Ball, location: 2F 0-1: Foul Ball, location: 2F 0-2: Ball 1-2: Ball 2-2: Ball 3-2: SINGLE (Groundball, 56D) | Batting: LHB Jesús Tobías | 0-0: Ball 1-0: Ball 2-0: Swinging Strike 2-1: Ball 3-1: Base on Balls Norberto Taváres to second | Batting: LHB Derek Davidson | 0-0: Called Strike 0-1: Fly out, F9 (Line Drive, 9S) | Batting: LHB Felipe Guerrero | 0-0: Called Strike 0-1: Ball 1-1: Ball 2-1: Foul Ball, location: 2F 2-2: Ball 3-2: Foul Ball, location: 2F 3-2: DOUBLE (Line Drive, 89XD) Norberto Taváres scores Jesús Tobías to third Runner from 3rd tries for Home, SAFE, no throw | Batting: LHB Elliott Newell | 0-0: Ball 1-0: Ball 2-0: Called Strike 2-1: Fly out, F7 (Line Drive, 7) | Batting: SHB António De La Cruz | 0-0: Ground out 6-3 (Groundball, 6) | Bottom of the 3rd over - 2 runs, 2 hits, 0 errors, 1 left on base; Orlando 3 - Springfield 5 | TOP OF THE 4TH |
---|
Orlando Calrissian batting - Pitching for Springfield Stars : RHP Hyo-chin Ch'oe | Batting: RHB Raúl Canó | 0-0: Called Strike 0-1: Called Strike 0-2: Strikes out looking | Batting: RHB Sean White | 0-0: Called Strike 0-1: Foul Ball, location: 2F 0-2: Foul Ball, location: 2F 0-2: Ball 1-2: Ball 2-2: Foul Ball, location: 2F 2-2: Foul Ball, location: 2F 2-2: Foul Ball, location: 2F 2-2: Fly out, F7 (Flyball, 78D) | Batting: RHB Jesús Gonzáles | 0-0: Swinging Strike 0-1: Foul Ball, location: 2F 0-2: Strikes out swinging | Top of the 4th over - 0 runs, 0 hits, 0 errors, 0 left on base; Orlando 3 - Springfield 5 | BOTTOM OF THE 4TH |
---|
Springfield Stars batting - Pitching for Orlando Calrissian : RHP Jorge Jiménez | Batting: RHB Calvin Bennett | 0-0: Called Strike 0-1: Foul Ball, location: 2F 0-2: Strikes out swinging | Batting: RHB Juan Carlos Rodríguez | 0-0: Called Strike 0-1: Called Strike 0-2: Ball 1-2: Ground out 6-3 (Groundball, 56) | Batting: RHB Gabriel Erwin | 0-0: Swinging Strike 0-1: Ball 1-1: Foul Ball, location: 2F 1-2: Foul Ball, location: 2F 1-2: Ball 2-2: Foul Ball, location: 2F 2-2: Strikes out swinging | Bottom of the 4th over - 0 runs, 0 hits, 0 errors, 0 left on base; Orlando 3 - Springfield 5 | TOP OF THE 5TH |
---|
Orlando Calrissian batting - Pitching for Springfield Stars : RHP Hyo-chin Ch'oe | Batting: RHB Robby Lewis | 0-0: Called Strike 0-1: Ball 1-1: Foul Ball, location: 2F 1-2: Ball 2-2: Foul Ball, location: 2F 2-2: SINGLE (Line Drive, 89S) | Batting: RHB Chet Decker | 0-0: Ball 1-0: Ball 2-0: Swinging Strike 2-1: SINGLE (Groundball, 4) (infield hit) Robby Lewis to second | Pinch Runner at 1st Zack Payton: | | Batting: LHB Craig Kenney | 0-0: Called Strike 0-1: Swinging Strike 0-2: Strikes out swinging | Batting: RHB Frederico Hernández | 0-0: Foul Ball, location: 2F 0-1: Ball 1-1: Swinging Strike 1-2: Strikes out swinging | Batting: LHB Danny Allen | 0-0: Ball 1-0: Swinging Strike 1-1: Foul Ball, location: 2F 1-2: SINGLE (Groundball, 6) (infield hit) Robby Lewis to third Zack Payton to second | Batting: RHB Júlio Negrón | 0-0: Called Strike 0-1: Swinging Strike 0-2: Foul Ball, location: 2F 0-2: Ball 1-2: Ball 2-2: Strikes out looking | Top of the 5th over - 0 runs, 3 hits, 0 errors, 3 left on base; Orlando 3 - Springfield 5 | BOTTOM OF THE 5TH |
---|
Springfield Stars batting - Pitching for Orlando Calrissian : RHP Jorge Jiménez | Now at C: Zack Payton | | Batting: RHB Norberto Taváres | 0-0: Ball 1-0: Ball 2-0: Foul Ball, location: 2F 2-1: Foul Ball, location: 2F 2-2: Ball 3-2: SINGLE (Groundball, 6MD) | Batting: LHB Jesús Tobías | 0-0: Fly out, F8 (Flyball, 8RS) | Batting: LHB Derek Davidson | 0-0: Ball 1-0: Foul Ball, location: 2F 1-1: Ball Norberto Taváres steals 2nd base 2-1: 2-RUN HOME RUN (Flyball, 9D), Distance : 401 ft | Batting: LHB Felipe Guerrero | 0-0: Ball 1-0: Ball 2-0: Foul Ball, location: 2F 2-1: Swinging Strike 2-2: Foul Ball, location: 2F 2-2: Ball 3-2: Ground out U3 (Groundball, 34S) | Batting: LHB Elliott Newell | 0-0: Swinging Strike 0-1: Ball 1-1: Ball 2-1: Fly out, F7 (Flyball, 7LMF) | Bottom of the 5th over - 2 runs, 2 hits, 0 errors, 0 left on base; Orlando 3 - Springfield 7 | TOP OF THE 6TH |
---|
Orlando Calrissian batting - Pitching for Springfield Stars : RHP Hyo-chin Ch'oe | Pitching: RHP Todd Brewster | | Batting: RHB Raúl Canó | 0-0: Called Strike 0-1: Foul Ball, location: 2F 0-2: Ball 1-2: Strikes out swinging | Batting: RHB Sean White | 0-0: Ball 1-0: Called Strike 1-1: Fly out, F8 (Flyball, 8RS) | Batting: RHB Jesús Gonzáles | 0-0: Ball 1-0: Called Strike 1-1: Ball 2-1: Called Strike 2-2: Ball 3-2: Fly out, F8 (Flyball, 8RD) | Top of the 6th over - 0 runs, 0 hits, 0 errors, 0 left on base; Orlando 3 - Springfield 7 | BOTTOM OF THE 6TH |
---|
Springfield Stars batting - Pitching for Orlando Calrissian : RHP Jorge Jiménez | Pitching: RHP Lance Sanders | | Batting: SHB António De La Cruz | 0-0: Swinging Strike 0-1: Ground out 3-1 (Groundball, 34S) | Batting: RHB Calvin Bennett | 0-0: Foul Ball, location: 2F 0-1: Called Strike 0-2: Foul Ball, location: 2F 0-2: Ball 1-2: Foul Ball, location: 2F 1-2: Ball 2-2: Ball 3-2: Reached on error, E6 (Groundball, 6S) | Batting: RHB Juan Carlos Rodríguez | 0-0: Ball 1-0: Ball 2-0: Grounds into double play, 6-4-3 (Groundball, 56) | Bottom of the 6th over - 0 runs, 0 hits, 1 error, 0 left on base; Orlando 3 - Springfield 7 | TOP OF THE 7TH |
---|
Orlando Calrissian batting - Pitching for Springfield Stars : RHP Todd Brewster | Batting: RHB Robby Lewis | 0-0: Ball 1-0: Called Strike 1-1: Called Strike 1-2: Ball 2-2: Foul Ball, location: 2F 2-2: SINGLE (Flyball, 8LS) | Batting: LHB Zack Payton | 0-0: Called Strike 0-1: Ball 1-1: Ball 2-1: Fly out, F8 (Flyball, 8RD) | Batting: LHB Craig Kenney | 0-0: Ball Robby Lewis steals 2nd base 1-0: Ball 2-0: Ground out U3 (Groundball, 3L) Robby Lewis to third | Batting: RHB Frederico Hernández | 0-0: Ball 1-0: Fly out, F8 (Flyball, 8LS) | Top of the 7th over - 0 runs, 1 hit, 0 errors, 1 left on base; Orlando 3 - Springfield 7 | BOTTOM OF THE 7TH |
---|
Springfield Stars batting - Pitching for Orlando Calrissian : RHP Lance Sanders | Batting: RHB Gabriel Erwin | 0-0: Ball 1-0: Ball 2-0: Ball 3-0: Called Strike 3-1: Ground out 5-3 (Groundball, 56) | Batting: RHB Norberto Taváres | 0-0: Ball 1-0: Foul Ball, location: 2F 1-1: Ball 2-1: Foul Ball, location: 2F 2-2: Ball 3-2: Foul Ball, location: 2F 3-2: Base on Balls | Batting: LHB Jesús Tobías | 0-0: Ball 1-0: Ball 2-0: Called Strike 2-1: Ball 3-1: Fly out, F7 (Line Drive, 7LD) | Batting: LHB Derek Davidson | 0-0: Called Strike 0-1: Called Strike 0-2: Fly out, F8 (Flyball, 8LXD) | Bottom of the 7th over - 0 runs, 0 hits, 0 errors, 1 left on base; Orlando 3 - Springfield 7 | TOP OF THE 8TH |
---|
Orlando Calrissian batting - Pitching for Springfield Stars : RHP Todd Brewster | Now in CF: Richard Bankhead | | Batting: LHB Danny Allen | 0-0: Fly out, F8 (Flyball, 8LD) | Batting: RHB Júlio Negrón | 0-0: Called Strike 0-1: Swinging Strike 0-2: Ball 1-2: Strikes out swinging | Batting: RHB Raúl Canó | 0-0: Foul Ball, location: 2F 0-1: Swinging Strike 0-2: Foul Ball, location: 2F 0-2: Ball 1-2: Ball 2-2: Foul Ball, location: 2F 2-2: Foul Ball, location: 2F 2-2: Strikes out swinging | Top of the 8th over - 0 runs, 0 hits, 0 errors, 0 left on base; Orlando 3 - Springfield 7 | BOTTOM OF THE 8TH |
---|
Springfield Stars batting - Pitching for Orlando Calrissian : RHP Lance Sanders | Batting: LHB Felipe Guerrero | 0-0: Foul Ball, location: 2F 0-1: Ball 1-1: Swinging Strike 1-2: Ball 2-2: Ground out 1-3 (Groundball, 13S) | Batting: LHB Elliott Newell | 0-0: Ball 1-0: Fly out, F7 (Flyball, 7S) | Batting: SHB António De La Cruz | 0-0: Ground out 4-3 (Groundball, 4M) | Bottom of the 8th over - 0 runs, 0 hits, 0 errors, 0 left on base; Orlando 3 - Springfield 7 | TOP OF THE 9TH |
---|
Orlando Calrissian batting - Pitching for Springfield Stars : RHP Todd Brewster | Batting: RHB Sean White | 0-0: Ball 1-0: Ground out 4-3 (Groundball, 34) | Batting: RHB Jesús Gonzáles | 0-0: Swinging Strike 0-1: SINGLE (Line Drive, 4MD) | Batting: RHB Robby Lewis | 0-0: Called Strike 0-1: Ball 1-1: Swinging Strike 1-2: Strikes out swinging | Batting: LHB Zack Payton | 0-0: Ball 1-0: Ball 2-0: Ball 3-0: Called Strike 3-1: Base on Balls Jesús Gonzáles to second | Pitching: RHP José Valdéz | | Batting: LHB Craig Kenney | 0-0: Ball Wild Pitch! Jesús Gonzáles to third Zack Payton to second 1-0: Called Strike 1-1: Ground out 5-3 (Groundball, 56S) | Top of the 9th over - 0 runs, 1 hit, 0 errors, 2 left on base; Orlando 3 - Springfield 7 | |